 Dungeon Crawl Stone Soup version 0.22-b1-21-g5cfc168 (webtiles) character file.

11788 tev the Severer (level 11, -5/150 HPs)
             Began as a Minotaur Berserker on Aug 5, 2018.
             Was a High Priest of Trog.
             Slain by an orc warrior
             ... wielding a +0 flail
              (8 damage)
             ... on level 11 of the Dungeon.
             The game lasted 00:38:03 (10053 turns).

tev the Severer (Minotaur Berserker)               Turns: 10053, Time: 00:38:05

Health: -5/150     AC: 25    Str: 25    XL:     11   Next: 53%
Magic:  0/10       EV:  2    Int:  4    God:    Trog [*****.]
Gold:   408        SH:  0    Dex: 10    Spells: 10/10 levels left

rFire    . . .     SeeInvis .   J - +4 halberd (chop)
rCold    . . .     Gourm    .   (shield currently unavailable)
rNeg     + + +     Faith    .   (armour currently unavailable)
rPois    +         Spirit   +   (helmet currently unavailable)
rElec    .         Reflect  .   (cloak currently unavailable)
rCorr    .         Harm     .   (gloves currently unavailable)
MR       ++...     NoTele   +   (boots currently unavailable)
Stlth    +.........             r - amulet of guardian spirit
HPRegen  1.35/turn              (no ring)
MPRegen  0.12/turn              (no ring)

@: tree-form, berserk cooldown, regenerating, slowed, very slow
A: (retaliatory headbutt)
a: Berserk, Trog's Hand, Brothers in Arms, Renounce Religion


You were on level 11 of the Dungeon.
You worshipped Trog.
Trog was extremely pleased with you.
You were very hungry.
You were a tree.
You visited 1 branch of the dungeon, and saw 11 of its levels.

You collected 655 gold pieces.
You spent 247 gold pieces at shops.

Inventory:

Hand Weapons
 J - a +4 halberd of chopping (weapon)
Armour
 a - a +1 chain mail of cold resistance (melded)
 s - a +0 pair of gloves (melded)
 D - a +0 pair of boots (melded)
 H - a +1 ring mail of poison resistance
 L - a +0 cloak (melded)
Jewellery
 r - an amulet of guardian spirit (around neck)
Wands
 d - a wand of enslavement (13)
 o - a wand of polymorph (11)
 p - a wand of digging (1)
 y - a wand of disintegration (27)
 B - a wand of acid (15)
Scrolls
 e - 9 scrolls of identify
 f - 6 scrolls of teleportation
 g - 7 scrolls of remove curse
 h - 2 scrolls of fear {unknown}
 l - a scroll of blinking {unknown}
 n - 2 scrolls of immolation {unknown}
 v - 2 scrolls of fog {unknown}
 E - a scroll of brand weapon {unknown}
 K - a scroll of torment {unknown}
Potions
 b - 2 potions of invisibility
 i - a potion of agility {unknown}
 j - 3 potions of magic {unknown}
 k - a potion of flight {unknown}
 m - 5 potions of curing {unknown}
 q - 2 potions of ambrosia {unknown}
 t - a potion of resistance {unknown}
 u - 2 potions of haste {unknown}
 x - a potion of cancellation {unknown}
 z - 2 potions of mutation
 A - 2 potions of lignification
 C - a potion of brilliance {unknown}
 F - 2 potions of degeneration {unknown}
 I - a potion of experience {unknown}
Comestibles
 c - 18 rations
 G - 2 chunks of flesh


   Skills:
 + Level 10.2 Fighting
   Level 15.1 Axes
 + Level 10.5 Armour
 + Level 6.9 Dodging


You had 10 spell levels left.
You didn't know any spells.
Your spell library was empty.

Dungeon Overview and Level Annotations

Branches:
Dungeon (11/15)            Temple (0/1) D:7             Orc (0/2) D:10
   Lair: D:8-11

Altars:
Cheibriados
Fedhas
Nemelex Xobeh
Okawaru
Trog
Vehumet
The Shining One

Shops:
D:6 ![=   D:7 ![

Annotations:
D:9 Maurice


Innate Abilities, Weirdness & Mutations

((You reflexively headbutt those who attack you in melee.))
((You have a pair of horns on your head.))


Message History

The orc warrior hits you but does no damage.
The cyclops hits you!
* * * LOW HITPOINT WARNING * * *
Your skin crawls.
You feel resistant to hostile enchantments.
You feel somewhat more hungry.
The orc priest looks satisfied for a moment.
The orc hits you with a flail of protection.
* * * LOW HITPOINT WARNING * * *
The orc warrior hits you but does no damage.
The cyclops hits you but does no damage.
The orc priest hits you but does no damage.
A centaur comes into view.
Your ogre goes berserk!
You are feeling very hungry.
The centaur shouts!
The centaur wields a runed shortbow.
It is covered in frost.
The centaur shoots an arrow.
The arrow hits you but does no damage. The orc hits you but does no damage.
The orc warrior hits you with a flail!
You die...

##......# ##..........
#....#..###........c.#
#....#.(.#...........#
....###..##..........#
....#<#...##.........#
...##.##..##.(.......#
...#...#...#.((......###
..##...##......(.F......
..#(....#.......♣o......
.##.....##.....Cooc.....
.#.......#....O.o....###
##.⌠..[⌠.##..........#
#....(....#.......W...#
#####(######...........#
<.........<#.......#....
...........##......#....
>....()...>#


You could see a cyclops, an orc warrior, a shadow, a bullfrog, 2 centaurs, an
orc priest, 2 orcs and a friendly ogre (berserk).

Vanquished Creatures
  A rakshasa (D:11)
  2 two-headed ogres
  An ugly thing (D:11)
  A manticore (D:8)
  A cyclops (D:11)
  A centaur zombie (D:10)
  Joseph (D:9)
  A troll (D:10)
  A hornet (D:10)
  2 hippogriffs
  A shadow (D:11)
  Sigmund (D:3)
  A vampire (D:7)
  A wraith (D:10)
  6 yaks (D:9)
  3 hungry ghosts
  2 steam dragons
  5 orc warriors
  3 black bears
  3 ice beasts
  4 phantoms
  2 ogres (D:10)
  4 centaurs
  A crocodile (D:10)
  A big kobold (D:8)
  Blork the orc (D:4)
  7 bullfrogs
  A wyvern skeleton (D:8)
  3 scorpions
  2 troll zombies (D:10)
  4 killer bees (D:9)
  5 wights (D:7)
  2 howler monkeys (D:7)
  A bullfrog zombie (D:11)
  3 crimson imps
  5 hounds
  A quasit (D:8)
  A bullfrog skeleton (D:11)
  12 orc wizards
  11 orc priests
  4 centaur skeletons
  2 iguanas
  Natasha (thrice) (D:3)
  8 worker ants
  4 ogre zombies
  A hound skeleton (D:5)
  A worker ant zombie (D:5)
  6 adders
  A shadow imp (D:9)
  An ooze (D:1)
  An adder zombie (D:5)
  An adder skeleton (D:4)
  3 dart slugs
  5 leopard geckos
  40 orcs
  4 giant cockroaches
  5 goblins
  9 hobgoblins
  5 jackals
  2 quokkas
  A ball python zombie (D:6)
  5 bats
  2 frilled lizards (D:2)
  2 hobgoblin skeletons (D:10)
  3 hobgoblin zombies (D:10)
  7 kobolds
  A leopard gecko skeleton (D:2)
  A leopard gecko zombie (D:9)
  4 orc skeletons (D:10)
  10 orc zombies (D:10)
  9 rats
260 creatures vanquished.

Vanquished Creatures (others)
  An orc (D:10)
  15 fungi (D:11)
  4 plants (D:11)
20 creatures vanquished.

Grand Total: 280 creatures vanquished

Notes
Turn   | Place    | Note
-------+----------+-------------------------------------------
     0 | D:1      | tev the Minotaur Berserker began the quest for the Orb.
     0 | D:1      | Reached XP level 1. HP: 19/19 MP: 0/0
    75 | D:1      | Reached skill level 4 in Axes
   209 | D:1      | Reached XP level 2. HP: 27/27 MP: 1/1
   683 | D:2      | Reached XP level 3. HP: 4/33 MP: 2/2
  1281 | D:2      | Reached skill level 5 in Axes
  1281 | D:2      | Reached XP level 4. HP: 31/41 MP: 3/3
  1775 | D:2      | Found a glowing golden altar of the Shining One.
  1902 | D:3      | You fall through a shaft for 3 floors!
  1919 | D:6      | Reached XP level 5. HP: 47/47 MP: 4/4
  2011 | D:6      | Reached skill level 6 in Axes
  2032 | D:5      | Entered Level 5 of the Dungeon
  2036 | D:5      | Reached ** piety under Trog
  2037 | D:5      | Noticed a phantom
  2064 | D:5      | Killed a phantom
  2064 | D:5      | Reached XP level 6. HP: 28/55 MP: 5/5
  2245 | D:4      | Found a radiant altar of Vehumet.
  2271 | D:4      | Reached skill level 7 in Axes
  2317 | D:4      | Reached skill level 5 in Fighting
  2322 | D:4      | Noticed Blork the orc
  2328 | D:4      | Killed Blork the orc
  2381 | D:3      | Noticed Sigmund
  2402 | D:3      | Killed Sigmund
  2402 | D:3      | Reached skill level 8 in Axes
  2402 | D:3      | Reached XP level 7. HP: 34/61 MP: 6/6
  2753 | D:3      | Noticed Natasha
  2758 | D:3      | Killed Natasha
  2790 | D:3      | Noticed Natasha
  2800 | D:3      | Killed Natasha
  2948 | D:3      | Noticed Natasha
  2956 | D:3      | Killed Natasha
  3470 | D:4      | Reached skill level 5 in Armour
  3772 | D:4      | Reached skill level 9 in Axes
  3783 | D:4      | Reached *** piety under Trog
  3841 | D:4      | Reached XP level 8. HP: 64/69 MP: 7/7
  3848 | D:4      | Found a sparkling altar of Nemelex Xobeh.
  4837 | D:5      | Reached skill level 10 in Axes
  4897 | D:5      | Found a blossoming altar of Fedhas.
  4900 | D:5      | Found an iron altar of Okawaru.
  4903 | D:5      | Found a snail-covered altar of Cheibriados.
  5232 | D:6      | Found Mogi Say's Jewellery Shop.
  5422 | D:6      | Found Iphutt's Distillery.
  5429 | D:6      | Bought a potion of heal wounds for 65 gold pieces
  5429 | D:6      | Bought a potion of mutation for 104 gold pieces
  5429 | D:6      | Bought a potion of lignification for 39 gold pieces
  5429 | D:6      | Bought a potion of lignification for 39 gold pieces
  5585 | D:6      | Found Xoell's Antique Armour Shoppe.
  5748 | D:7      | Reached skill level 11 in Axes
  5870 | D:7      | Found Entitauv's Distillery.
  5955 | D:7      | Reached XP level 9. HP: 78/78 MP: 6/8
  5983 | D:7      | Found Genogg's Armour Shop.
  6104 | D:7      | Found a staircase to the Ecumenical Temple.
  6224 | D:8      | Reached skill level 12 in Axes
  6262 | D:8      | Reached **** piety under Trog
  6322 | D:8      | Noticed a manticore
  6334 | D:8      | Killed a manticore
  6749 | D:8      | Found a bloodstained altar of Trog.
  6830 | D:8      | Noticed a two-headed ogre
  6848 | D:8      | Killed a two-headed ogre
  6848 | D:8      | Reached skill level 13 in Axes
  6848 | D:8      | Reached XP level 10. HP: 86/86 MP: 6/9
  7118 | D:9      | Noticed Joseph
  7131 | D:9      | Killed Joseph
  7180 | D:9      | Noticed Maurice
  7534 | D:9      | Reached ***** piety under Trog
  7534 | D:9      | Reached skill level 14 in Axes
  7812 | D:9      | Found a snail-covered altar of Cheibriados.
  7820 | D:9      | Paralysed by Maurice for 2 turns
  7905 | D:9      | Noticed a two-headed ogre
  7915 | D:9      | Killed a two-headed ogre
  8227 | D:9      | Reached skill level 15 in Axes
  8357 | D:10     | Entered Level 10 of the Dungeon
  8383 | D:10     | Paralysed by a hornet for 2 turns
  8550 | D:10     | Received a gift from Trog
  8869 | D:10     | Reached XP level 11. HP: 66/95 MP: 5/10
  8872 | D:10     | Reached skill level 5 in Dodging
  9177 | D:10     | Found a staircase to the Orcish Mines.
  9383 | D:10     | Found a radiant altar of Vehumet.
  9547 | D:10     | Got a brightly glowing leather armour
  9560 | D:10     | Identified the +1 leather armour "Imahaurch" {*Corrode rN+ Int+2} (You took it off an orc priest on level 10 of the Dungeon)
  9676 | D:11     | Noticed a rakshasa
  9685 | D:11     | Killed a rakshasa
  9691 | D:11     | Reached skill level 10 in Armour
  9958 | D:11     | Noticed a cyan ugly thing
  9974 | D:11     | Killed a cyan ugly thing
  9974 | D:11     | Reached skill level 10 in Fighting
 10051 | D:11     | HP: 2/150 [cyclops (12)]
 10053 | D:11     | Slain by an orc warrior

Skill      XL: |  1  2  3  4  5  6  7  8  9 10 11 |
---------------+----------------------------------+-----
Axes           | 4 5 6 8 9 11 13 15 | 15.1
Fighting       | 4 5 6 7 8 10 | 10.2
Armour         | 3 4 5 6 8 9 10 | 10.5
Dodging        | 3 4 6 |  6.9

Action                   |  1- 3 |  4- 6 |  7- 9 | 10-12 || total
-------------------------+-------+-------+-------+-------++-------
Melee: Hand axe          |    56 |    80 |   225 |       ||   361
       Headbutt          |     7 |    17 |    58 |    56 ||   138
       War axe           |       |       |    49 |   145 ||   194
       Halberd           |       |       |       |   169 ||   169
Invok: Berserk           |     1 |     3 |     5 |     7 ||    16
       Trog's Hand       |       |       |       |     3 ||     3
       Brothers in Arms  |       |       |       |     1 ||     1
  Use: Scroll            |       |       |     3 |       ||     3
       Potion            |       |       |       |     2 ||     2
 Stab: Distracted        |       |       |       |     1 ||     1
  Eat: Chunk             |     2 |     6 |    17 |    18 ||    43
       Ration            |       |       |     1 |     1 ||     2
Armor: Scale mail        |    18 |    21 |    49 |       ||    88
       Chain mail        |       |       |    50 |   118 ||   168
       Ring mail         |       |       |       |    21 ||    21
       Skin              |       |       |       |     8 ||     8
Dodge: Dodged            |    20 |    35 |   142 |   145 ||   342
